 Dungeon Crawl Stone Soup version 0.32-a0-999-gfa1cc04b1d (webtiles) character file.

Game seed: 248027347446195076

866 chippings the Chucker (level 7, -21/55 HPs)
             Began as a White Draconian Wanderer on Apr 25, 2024.
             Was an Initiate of Gozag.
             Engulfed by a cloud of flame (27 damage)
             ... on level 6 of the Dungeon.
             The game lasted 00:13:03 (4838 turns).

chippings the Chucker (White Draconian Wanderer)    Turns: 4838, Time: 00:13:04

Health: -21/55     AC: 13    Str: 14    XL:     7   Next: 72%
Magic:  9/12       EV: 11    Int: 12    God:    Gozag
Gold:   252        SH:  0    Dex: 13    Spells: 9/13 levels left

rFire   . . .        m - +1 dagger (speed)
rCold   + . .        (no shield)
rNeg    . . .        (body armour unavailable)
rPois   .            (helmet restricted)
rElec   .            c - +0 cloak
rCorr   .            n - +1 pair of gloves
SInv    .            (no boots)
Will    .....        u - amulet of the acrobat
Stlth   ++           w - +4 ring of protection
HPRegen 0.29/turn    (no ring)
MPRegen 0.13/turn

%: acrobat
@: gold aura
A: glacial breath, AC +6, unfitting armour, cold resistance 1, cold-blooded
a: Glacial Breath, Renounce Religion, Potion Petition, Call Merchant, Bribe
Branch


You were on level 6 of the Dungeon.
You worshipped Gozag.
Gozag was aware of your devotion.
You visited 2 branches of the dungeon, and saw 7 of its levels.

You collected 331 gold pieces.
You paid 79 gold pieces to Gozag.

Inventory:

Hand Weapons
 a - a +2 dagger
 m - a +1 dagger of speed (weapon)
 z - a +4 mace
Missiles
 b - 2 curare-tipped darts
Armour
 c - a +0 cloak (worn)
 n - a +1 pair of gloves (worn)
Magical Staves
 f - a staff of earth
Jewellery
 l - an amulet of faith
 u - an amulet of the acrobat (around neck)
 w - a +4 ring of protection (left hand)
 B - an amulet of reflection
Wands
 g - a wand of flame (16)
Scrolls
 e - a scroll of fog {unknown}
 h - a scroll of summoning {unknown}
 o - 5 scrolls of identify {unknown}
 p - a scroll of amnesia {unknown}
 q - 3 scrolls of revelation {unknown}
 t - a scroll of enchant weapon {unknown}
 v - a scroll of immolation {unknown}
 x - a scroll of brand weapon {unknown}
 y - a scroll of poison {unknown}
Potions
 d - 3 potions of attraction
 i - a potion of degeneration {unknown}
 j - a potion of mutation {unknown}
 k - 2 potions of haste {unknown}
 r - 2 potions of might {unknown}
 A - a potion of brilliance {unknown}


   Skills:
 - Level 2.0 Fighting
 + Level 3.1 Short Blades
 - Level 4.0 Throwing
 - Level 2.0 Dodging
 - Level 2.0 Stealth
 + Level 3.8 Spellcasting
 - Level 2.0 Conjurations
 + Level 3.1 Hexes
 + Level 3.3 Fire Magic


You had 9 spell levels left.
You knew the following spells:

 Your Spells              Type           Power      Damage    Failure   Level
a - Foxfire               Conj/Fire      32%        2x1d5     8%          1
b - Inner Flame           Hex/Fire       10%        N/A       19%         3

Your spell library contained the following spells:

 Spells                   Type           Power      Damage    Failure   Level
 Summon Small Mammal      Summ           8%         N/A       22%         1
 Call Canine Familiar     Summ           2%         N/A       56%         3
 Teleport Other           Tloc           2%         N/A       56%         3
 Summon Blazeheart Golem  Fire/Summ      6%         N/A       75%         4
 Dispersal                Tloc           1%         N/A       100%        6
 Gell's Gavotte           Tloc           1%         2d(11-17) 100%        6


Dungeon Overview and Level Annotations

Branches:
Dungeon (6/15)             Temple (1/1) D:5

Altars:
Ashenzari
Cheibriados
Dithmenos
Elyvilon
Fedhas
Gozag
Hepliaklqana
Kikubaaqudgha
Makhleb
Okawaru
Qazlal
Ru
Trog
Vehumet
Wu Jian
Xom
Yredelemnul
Zin
The Shining One

Shops:
D:1 (   D:3 [   D:5 [

Annotations:
D:4 1 runed translucent door, kellington's ghost, amateur DrSh


Innate Abilities, Weirdness & Mutations

You can breathe waves of cold which freeze foes solid.
Your icy white scales are hard. (AC +6)
You cannot fit into any form of body armour.
Your flesh is cold resistant. (rC+)
You are cold-blooded and may be slowed by cold attacks.


Message History

The kobold is severely wounded.
The kobold hits you but does no damage.
You hit the kobold but do no damage.
Your tail-slap misses the kobold.
The kobold is severely wounded.
You hit the kobold.
You kill the kobold!
You now have 252 gold pieces (gained 4).
Things that are here:
a +0 dagger; 4 stones A sleepcap comes into view.
An ice beast comes into view.
Items here: $ ( )).
The sleepcap attacks as it pursues you! The sleepcap completely misses you.
The sleepcap attacks as it pursues you! The sleepcap closely misses you.
Casting: Inner Flame (dangerous; 19% risk of failure)
Confirm with . or Enter, or press ? or * to list all spells.
Aiming: Inner Flame (dangerous; 19% risk of failure)
Press: ? - help, Dir - move target, f - sleepcap
Aim: a sleepcap (chance to affect: 68%)
The sleepcap is filled with an inner flame.
The sleepcap closely misses you.
Unknown command.
Aiming: Glacial Breath
Press: ? - help, Shift-Dir - straight line, f/p - sleepcap
Aim: a sleepcap (inner flame, 100% to hit)
You exhale a wave of glacial cold.
The glacial breath hits the sleepcap!!
The sleepcap shatters and turns to gold!
The glacial breath hits the ice beast.
The ice beast completely resists.
The sleepcap explodes!
The fiery explosion engulfs the sleepcap shaped block of ice!!
The sleepcap shaped block of ice melts!
The sleepcap shaped block of ice is heavily damaged.
The fiery explosion engulfs you!!
* * * LOW HITPOINT WARNING * * *
The fiery explosion engulfs the ice beast!!
The ice beast melts!
The ice beast is almost dead.
You are engulfed in blazing flames.
You die...
Your body crumbles into a pile of gold.

#........
#..(../..
###$.......
..........
#...<.....
#.....!...
#$........
######$#'#.####
#..@IY.#
#.###### #.#
#)######
#......#
#......#
#......#
#......#
#......#


You could see an ice beast.

Vanquished Creatures
  An ice beast (D:3)
  A sky beast (D:4)
  A black bear (D:5)
  A phantom (D:5)
  A kobold brigand (D:6)
  A scorpion (D:4)
  A bombardier beetle (D:4)
  A hound (D:5)
  2 jellies
  A sleepcap (D:6)
  2 iguanas
  2 orc wizards (D:4)
  5 adders
  2 shadow imps (D:5)
  2 ribbon worms
  4 dart slugs
  6 orcs
  7 ball pythons
  5 endoplasms
  4 giant cockroaches
  12 goblins
  6 hobgoblins
  A jackal (D:2)
  4 quokkas
  2 bats
  A frilled lizard (D:2)
  10 kobolds
  6 rats
92 creatures vanquished.

Vanquished Creatures (others)
  154 foxfires
154 creatures vanquished.

Grand Total: 246 creatures vanquished

Notes
Turn   | Place    | Note
-------+----------+-------------------------------------------
     0 | D:1      | chippings the Draconian Wanderer began the quest for the
                  | Orb.
     0 | D:1      | chippings set off with the following items: a +2 dagger, 2
                  | curare-tipped darts, a +0 cloak, a potion of attraction;
                  | and the following spell memorised: Foxfire; and the
                  | following spells available to memorise: Inner Flame.
     0 | D:1      | Reached XP level 1. HP: 16/16 MP: 3/3
   167 | D:1      | Found Quwuwop's Antique Weapon Emporium.
   172 | D:1      | Reached XP level 2. HP: 23/23 MP: 5/5
   342 | D:1      | Found a faded altar of an unknown god.
   977 | D:2      | Reached XP level 3. HP: 17/28 MP: 6/6
  1083 | D:2      | Learned a level 3 spell: Inner Flame
  1444 | D:2      | Reached skill level 1 in Short Blades
  1444 | D:2      | Reached skill level 3 in Throwing
  1444 | D:2      | Reached skill level 1 in Hexes
  1845 | D:3      | Reached XP level 4. HP: 36/36 MP: 2/7
  2015 | D:3      | Reached skill level 1 in Stealth
  2198 | D:3      | Noticed an ice beast
  2221 | D:3      | Killed an ice beast
  2222 | D:3      | Reached XP level 5. HP: 41/41 MP: 2/9
  2452 | D:3      | Found Awicorchee's Armour Emporium.
  2695 | D:4      | Reached skill level 1 in Conjurations
  2906 | D:4      | Reached XP level 6. HP: 45/48 MP: 1/10
  3462 | D:4      | Found a runed translucent door.
  3465 | D:4      | Noticed kellington's ghost (amateur DrSh)
  3506 | D:4      | Noticed a sky beast
  3570 | D:4      | Killed a sky beast
  3656 | D:5      | Entered Level 5 of the Dungeon
  3687 | D:5      | Your scales start taking on an icy white colour.
  3687 | D:5      | Reached XP level 7. HP: 55/55 MP: 5/11
  3687 | D:5      | Gained mutation: Your flesh is cold resistant. (rC+) [White
                  | Draconian growth]
  3790 | D:5      | Found a staircase to the Ecumenical Temple.
  3799 | Temple   | Entered the Ecumenical Temple
  3834 | Temple   | Became a worshipper of Gozag Ym Sagoz the Greedy
  4066 | D:5      | Found Puaggula's Armour Emporium.
  4362 | D:5      | Reached skill level 4 in Throwing
  4451 | D:5      | Found a radiant altar of Vehumet.
  4838 | D:6      | Engulfed by a cloud of flame

Illustrated notes

Levels and vault maps discovered:
D:1:      denvon_arrival_hothouse, layout_loops_ring,
          dreamdust_ecumenical_altar_hidden_monk_grotto, serial_shops,
          nicolae_shop_tiny_statue_garden, minmay_misc_feat_cross,
          hangedman_decor_opposing, st_stairs_12, minivault_26, hex_medium
D:2:      minmay_alternating_diamond, layout_basic
D:3:      layout_basic, serial_shops, nicolae_shop_tiny_real_fake_doors,
          nicolae_figureground_pulse
D:4:      layout_rooms, ebering_ghost_reflecting_pool
D:5:      layout_gridville, nicolae_vehumet_radiance, minmay_temple_entry_tees,
          serial_shops, kennysheep_little_box
D:6:      layout_basic, eat_drink_and_be_merry_uskayaw, billiards_dpeg
Temple:   dpeg_five_rooms_temple

Skill      XL: |  1  2  3  4  5  6  7 |
---------------+----------------------+-----
Dodging        | 2 |  2.0
Short Blades   | 1 2 3 |  3.1
Throwing       | 3 4 |  4.0
Hexes          | 1 2 3 |  3.1
Stealth        | 1 2 |  2.0
Fighting       | 2 |  2.0
Conjurations   | 1 2 |  2.0
Fire Magic     | 3 2 3 |  3.3
Spellcasting   | 3 |  3.8

Action                     |  1- 3 |  4- 6 |  7- 9 || total
---------------------------+-------+-------+-------++-------
  Melee: Dagger            |   131 |   144 |    56 ||   331
         Tailslap          |    14 |    15 |     8 ||    37
  Throw: Dart              |     1 |     3 |     2 ||     6
   Cast: Foxfire           |    13 |    58 |    17 ||    88
         Inner Flame       |       |     6 |    10 ||    16
Ability: Glacial Breath    |       |       |     1 ||     1
    Use: Potion            |       |     2 |       ||     2
   Stab: Sleeping          |     1 |     1 |       ||     2
 Armour: Skin              |    80 |    84 |    37 ||   201
  Dodge: Dodged            |    54 |    65 |    31 ||   150

Table legend: (Time is in decaauts)
 A = Elapsed time spent in this place.
 B = Non-inter-level travel time spent in this place.
 C = Inter-level travel time spent in this place.
 D = Time resting spent in this place.
 E = Time spent auto-exploring this place.
 F = Levels seen in this place.
 G = Mean time per level.
                   A        B        C        D        E       F      G
               +--------+--------+--------+--------+--------+-----+--------+
         Total |   4749 |   4591 |    158 |      0 |   3021 |   7 |  678.4 |
       Dungeon |   4681 |   4583 |     98 |      0 |   3021 |   6 |  780.2 |
        Temple |     68 |      8 |     60 |      0 |      0 |   1 |   68.0 |
               +--------+--------+--------+--------+--------+-----+--------+

Top non-repeatable levels by time:
     D:5: 964 daAuts
     D:4: 961 daAuts
     D:1: 919 daAuts
     D:2: 904 daAuts
     D:3: 806 daAuts
     D:6: 125 daAuts
  Temple: 68 daAuts
